 Dungeon Crawl Stone Soup version 0.19-a0-1670-gc28a5d9 (webtiles) character file.

235 Lindan9 the Shield-Bearer (level 6, -1/48 HPs)
             Began as a Formicid Fighter on Sept 21, 2016.
             Slain by an ogre
             ... wielding a +0 giant club
              (5 damage)
             ... on level 4 of the Dungeon.
             The game lasted 00:08:15 (1855 turns).

Lindan9 the Shield-Bearer (Formicid Fighter)        Turns: 1855, Time: 00:08:16

Health: -1/48      AC:  8    Str: 22    XL:     6   Next: 27%
Magic:  6/6        EV:  9    Int:  8    God:
Gold:   168        SH: 10    Dex: 10    Spells: 0 memorised, 5 levels left

rFire  x . .     SeeInvis +     a - +0 war axe
rCold  + . .     Gourm    .     b - +0 scale mail
rNeg   . . .     Faith    .     c - +0 shield
rPois  .         Spirit   .     (helmet unavailable)
rElec  .         Dismiss  .     (no cloak)
rCorr  .         Reflect  .     (no gloves)
MR     .....     Harm     .     i - +0 pair of boots
Stlth  ..........               (no amulet)
                                k - ring of ice (curse)
                                h - ring of see invisible

@: no status effects
A: permanent stasis, dig shafts and tunnels, four strong arms, antennae 3
a: Dig, Shaft Self


You were on level 4 of the Dungeon.
You were not hungry.

You visited 1 branch of the dungeon, and saw 4 of its levels.

You collected 168 gold pieces.

Inventory:

Hand Weapons
 a - a +0 war axe (weapon)
 m - a cursed -1 dagger
Armour
 b - a +0 scale mail (worn)
 c - a +0 shield (worn)
 i - a +0 pair of boots (worn)
Jewellery
 h - a ring of see invisible (left hand)
 k - a cursed ring of ice (right hand)
 l - an uncursed ring of wizardry {unknown}
Wands
 r - a wand of slowing (26/48)
Scrolls
 o - 3 scrolls of remove curse
 p - 2 scrolls of identify {unknown}
Potions
 d - a potion of might
 e - a potion of mutation {unknown}
 g - a potion of lignification {unknown}
 j - 2 potions of magic {unknown}
 n - a potion of haste {unknown}
Comestibles
 f - 2 bread rations
 q - a beef jerky


   Skills:
 + Level 3.9 Fighting
 + Level 4.1 Axes
 + Level 3.9 Armour
 + Level 1.5 Dodging
 + Level 0.3 Stealth
 + Level 4.8 Shields


You had 5 spell levels left.
You didn't know any spells.

Dungeon Overview and Level Annotations

Branches:
Dungeon (4/15)
 Temple: D:4-7

Altars:
Dithmenos
Makhleb
Uskayaw
Zin
The Shining One


Innate Abilities, Weirdness & Mutations

You are under a permanent stasis effect.
You can dig through walls and to a lower floor.
Your four strong arms can wield two-handed weapons with a shield.
You have a pair of large antennae on your head. (SInv)


Message History

* * * LOW HITPOINT WARNING * * *
Your shield and scale mail prevent you from hitting the ogre.
The ogre is moderately wounded.
You block the ogre's attack.
You hit the ogre but do no damage.
The ogre is moderately wounded.
The ogre closely misses you.
Your shield and scale mail prevent you from hitting the ogre.
The ogre is moderately wounded.
You block the ogre's attack.
You hit the ogre.
The ogre is moderately wounded.
You block the ogre's attack.
You hit the ogre but do no damage.
The ogre is moderately wounded.
The ogre closely misses you.
You slash the ogre!
The ogre is severely wounded.
The ogre hits you with a giant club.
You die...

## #.# #.# .##.# #.# ###
....# #.####... ....#
###.....#
...######......#
....##.........##
..(........###..## .
###.........###..###...$
# ##........# ##@O...#
##...###..# ##....#
##..# #..# ...## ##..#
#..# ....# ##..#
#.......# # #..
........# ### ..##..#
..#### .## #.. .....## .


You could see an ogre.

Vanquished Creatures
  The ghost of crawdingle the Shooter, an amateur CeHu (D:3)
  A hound zombie (D:4)
  2 adders (D:2)
  An ooze (D:2)
  3 dart slugs
  3 leopard geckos
  2 orcs (D:3)
  2 giant cockroaches
  3 goblins
  6 hobgoblins
  2 quokkas
  12 bats
  3 frilled lizards
  4 kobolds
  13 rats
58 creatures vanquished.

Notes
Turn   | Place    | Note
-------+----------+-------------------------------------------
     0 | D:1      | Lindan9 the Formicid Fighter began the quest for the Orb.
     0 | D:1      | Reached XP level 1. HP: 18/18 MP: 1/1
   221 | D:1      | Reached XP level 2. HP: 17/24 MP: 2/2
   479 | D:1      | Reached XP level 3. HP: 28/29 MP: 3/3
   860 | D:2      | Found a glowing golden altar of the Shining One.
   919 | D:2      | Reached XP level 4. HP: 35/35 MP: 4/4
  1227 | D:2      | Found a shadowy altar of Dithmenos.
  1331 | D:2      | Found a glowing silver altar of Zin.
  1331 | D:2      | Found a hide-covered altar of Uskayaw.
  1380 | D:3      | Noticed crawdingle's ghost (amateur CeHu)
  1398 | D:3      | Killed crawdingle's ghost
  1398 | D:3      | Reached skill level 1 in Dodging
  1398 | D:3      | Reached XP level 5. HP: 10/42 MP: 5/5
  1398 | D:3      | Reached XP level 6. HP: 12/48 MP: 6/6
  1417 | D:3      | Found a burning altar of Makhleb.
  1845 | D:4      | Noticed an ogre
  1855 | D:4      | Slain by an ogre

Vault maps used:
D:1:      dpeg_arrival_prison
D:2:      gammafunk_temple_overflow_elements, lemuel_round_altar, first_bread,
          minivault_23, st_stairs_1, nicolae_tso_swordbearing_angel
D:3:      lemuel_crystal_altar, lemuel_angel_altar
D:4:      nicolae_ossuary_entry_ruins, bloody_makhleb

Skill      XL: |  1  2  3  4  5  6 |
---------------+-------------------+-----
Shields        | 4 |  4.8
Axes           | 3 4 |  4.1
Dodging        | 1 |  1.5
Fighting       | |  3.9
Armour         | |  3.9
Stealth        | |  0.3

Action                   |  1- 3 |  4- 6 || total
-------------------------+-------+-------++-------
Melee: War axe           |   127 |   116 ||   243
  Use: Scroll            |     2 |       ||     2
  Eat: Bread ration      |       |     1 ||     1
Armor: Scale mail        |    78 |    41 ||   119
Dodge: Dodged            |    49 |    36 ||    85
Block: Shield            |   102 |    62 ||   164
